 Dungeon Crawl Stone Soup version 0.29-a0-364-g921d912d32 (webtiles) character file.

Game seed: 16949165114434495899

2176 sammy202020 the Fighter (level 9, -10/67 (82) HPs)
             Began as a Minotaur Fighter on May 1, 2022.
             Mangled by Duvessa
             ... wielding a +2 short sword of draining
              (16 damage)
             ... on level 5 of the Dungeon.
             The game lasted 00:06:54 (4208 turns).

sammy202020 the Fighter (Minotaur Fighter)          Turns: 4208, Time: 00:06:55

HP:   -10/67 (82)   AC: 12    Str: 27    XL:     9   Next: 11%
MP:   8/8           EV:  9    Int:  9    God:
Gold: 275           SH:  5    Dex: 10    Spells: 8/8 levels left

rFire   . . .      SeeInvis .   a - +0 war axe
rCold   . . .      Faith    .   c - +0 buckler
rNeg    . . .      Spirit   .   h - +1 chain mail
rPois   .          Reflect  .   (helmet restricted)
rElec   .          Harm     .   i - +0 cloak
rCorr   +          Rampage  .   (no gloves)
Will    .....                   (no boots)
Stlth   ..........              k - amulet of regeneration
HPRegen 1.01/turn               t - ring of resist corrosion
MPRegen 0.11/turn               m - +6 ring of strength

@: hasted, heavily drained, very quick
A: horns 2, retaliatory headbutt
a: no special abilities


You were on level 5 of the Dungeon.
You visited 1 branch of the dungeon, and saw 5 of its levels.

You collected 275 gold pieces.

Inventory:

Hand Weapons
 a - a +0 war axe (weapon)
 f - a +0 hunting sling
 q - a +0 morningstar
Missiles
 l - 5 javelins (quivered)
Armour
 c - a +0 buckler (worn)
 h - a +1 chain mail (worn)
 i - a +0 cloak (worn)
Jewellery
 d - a +6 ring of dexterity
 k - an amulet of regeneration (around neck)
 m - a +6 ring of strength (right hand)
 s - a ring of wizardry
 t - a ring of resist corrosion (left hand)
Scrolls
 b - a scroll of blinking
 e - a scroll of fog
 j - 2 scrolls of enchant armour
 r - 3 scrolls of fear
 u - 3 scrolls of identify
Potions
 g - 2 potions of ambrosia
 o - a potion of resistance {unknown}
 p - 2 potions of curing
 v - a potion of lignification {unknown}


   Skills:
 * Level 8.5 Fighting
 * Level 8.1 Axes
 + Level 6.4 Armour
 + Level 4.7 Dodging
 + Level 6.5 Shields


You had 8 spell levels left.
You didn't know any spells.
Your spell library contained the following spells:

 Spells                   Type           Power      Damage    Failure   Level
 Sandblast                Erth           0%         2d4       95%         1
 Ensorcelled Hibernation  Hex/Ice        0%         N/A       99%         2
 Passwall                 Tmut/Erth      0%         N/A       99%         2
 Spider Form              Tmut/Pois      0%         N/A       100%        3
 Stone Arrow              Conj/Erth      0%         3d7       100%        3
 Anguish                  Hex/Necr       0%         N/A       100%        4
 Animate Dead             Necr           0%         N/A       100%        4
 Ice Form                 Ice/Tmut       0%         N/A       100%        4
 Sticky Flame             Conj/Fire      0%         2d3       100%        4
 Starburst                Conj/Fire      0%         6d3       100%        6
 Chain Lightning          Conj/Air       0%         N/A       100%        9


Dungeon Overview and Level Annotations

Branches:
Dungeon (5/15)
 Temple: D:4-7

Altars:
Gozag
Uskayaw
Zin

Annotations:
D:5 Duvessa


Innate Abilities, Weirdness & Mutations

You have a pair of horns on your head.
You reflexively headbutt those who attack you in melee.


Message History

No target in view!
No target in view!
No target in view!
No target in view!
Duvessa, Sister of Dowan comes into view.
She is wielding a +2 short sword of draining.
Duvessa shouts!
Duvessa goes berserk!
Things that are here:
a +0 dagger; a +0 robe Duvessa hits you but does no damage.
You feel drained.
Duvessa hits you with a +2 short sword of draining!
You feel drained.
Sorry, you're not good enough to have a special ability.
You feel yourself speed up.
Duvessa hits you with a +2 short sword of draining!!
You feel drained.
You slash Duvessa! Your headbutt misses Duvessa.
Duvessa is moderately wounded.
Duvessa barely misses you.
You hit Duvessa but do no damage. You headbutt Duvessa!
Duvessa is heavily wounded.
Duvessa hits you with a +2 short sword of draining.
You feel drained.
Duvessa hits you with a +2 short sword of draining!
You feel drained.
You slash Duvessa!
Duvessa is almost dead.
Duvessa hits you with a +2 short sword of draining!
* * * LOW HITPOINT WARNING * * *
You feel drained.
* * * LOW HITPOINT WARNING * * *
You barely miss Duvessa.
Duvessa is almost dead.
Duvessa hits you with a +2 short sword of draining.
* * * LOW HITPOINT WARNING * * *
You feel drained.
You hit Duvessa.
Duvessa is almost dead.
Duvessa hits you with a +2 short sword of draining!
You die...

##......######.. ...........)
.+.............. ......>.....
##.............###..
....#.....#.
###...........+.#..
....###.###. #.###.......#.#.#
###...†..... #.# #.......#.#.#
#####.#### #.# #.......#.#.#
#......†....
#.###.......#e#.#.#........###
#...........#@#.#.#.........
####..........
#.)............##
..##.........#
###.#.#........#
#.....#......# #...#
#........# .###.#.##....#
###.# #........#
8.###.8.##...# #.#
.#.###†####..# #.#
#.#.###.#.#..# #.#
##.⌠.###.⌠.#.#####.#


You could see Duvessa (berserk).

Vanquished Creatures
  Pikel (D:5)
  A hornet (D:5)
  The ghost of OTABOTABOTAB the Insei, an amateur OpTm (D:4)
  A water moccasin (D:5)
  An ice beast (D:5)
  An ogre (D:5)
  A black bear (D:5)
  Blork the orc (D:5)
  3 kobold brigands (D:5)
  2 necrophages
  A scorpion (D:5)
  Dowan (D:5)
  3 quasits (D:4)
  2 hounds (D:5)
  Natasha (thrice) (D:3)
  An iguana (D:5)
  14 gnolls (D:5)
  3 adders
  A white imp (D:5)
  2 ufetubi
  A worm (D:2)
  5 dart slugs
  An orc (D:3)
  2 ball pythons
  6 bats
  7 endoplasms
  2 giant cockroaches
  3 goblins
  5 hobgoblins
  3 quokkas
  5 frilled lizards
  46 kobolds
  5 rats
135 creatures vanquished.

Notes
Turn   | Place    | Note
-------+----------+-------------------------------------------
     0 | D:1      | sammy202020 the Minotaur Fighter began the quest for the
                  | Orb.
     0 | D:1      | Reached XP level 1. HP: 19/19 MP: 0/0
    79 | D:1      | Reached XP level 2. HP: 10/27 MP: 1/1
   591 | D:1      | You fall into a shaft and drop 1 floor!
   591 | D:2      | Noticed a shining eye
   591 | D:2      | Found a faded altar of an unknown god.
   604 | D:2      | Noticed an eye of devastation
   623 | D:2      | Noticed a great orb of eyes
   674 | D:2      | Noticed a floating eye
   827 | D:2      | Reached XP level 3. HP: 33/33 MP: 2/2
  1171 | D:2      | Reached skill level 1 in Dodging
  1869 | D:3      | Noticed Natasha
  1879 | D:3      | Killed Natasha
  1880 | D:3      | Reached XP level 4. HP: 12/41 MP: 3/3
  2125 | D:3      | Noticed Natasha
  2129 | D:3      | Killed Natasha
  2240 | D:3      | Noticed Natasha
  2250 | D:3      | Killed Natasha
  2251 | D:3      | Reached XP level 5. HP: 33/47 MP: 4/4
  2265 | D:3      | Got the Grimoire of Conjuration
  2468 | D:3      | Found a glowing silver altar of Zin.
  2579 | D:4      | Got Canwe's Handbook of Stolen Souls and the Frostbite
  2694 | D:4      | Reached skill level 5 in Fighting
  2939 | D:4      | Found a transporter.
  2950 | D:4      | Noticed OTABOTABOTAB's ghost (amateur OpTm)
  2961 | D:4      | Found a transporter.
  2983 | D:4      | Reached XP level 6. HP: 46/56 MP: 5/5
  2984 | D:4      | Killed OTABOTABOTAB's ghost
  2985 | D:4      | Reached skill level 5 in Axes
  3219 | D:4      | Found a hide-covered altar of Uskayaw.
  3229 | D:4      | Found an opulent altar of Gozag.
  3313 | D:5      | Entered Level 5 of the Dungeon
  3398 | D:5      | Noticed a water moccasin
  3406 | D:5      | Killed a water moccasin
  3407 | D:5      | Reached skill level 5 in Armour
  3407 | D:5      | Reached skill level 5 in Shields
  3407 | D:5      | Reached XP level 7. HP: 47/63 MP: 6/6
  3636 | D:5      | Noticed a hornet
  3640 | D:5      | Killed a hornet
  3641 | D:5      | Reached XP level 8. HP: 73/73 MP: 7/7
  3867 | D:5      | Noticed Pikel
  3879 | D:5      | Killed Pikel
  3908 | D:5      | Noticed Blork the orc
  3918 | D:5      | Killed Blork the orc
  3919 | D:5      | Reached XP level 9. HP: 53/82 MP: 8/8
  4193 | D:5      | Noticed Dowan
  4200 | D:5      | Killed Dowan
  4201 | D:5      | Noticed Duvessa
  4208 | D:5      | Mangled by Duvessa

Illustrated notes

Levels and vault maps discovered:
D:1:      shiori_arrival_elements, layout_rooms, minmay_shallow_snake_nest
D:2:      layout_basic, hellmonk_ecumenical_altar_watching_god
D:3:      layout_basic, mainiacjoe_overflow_tiny_flanked, uniq_natasha
D:4:      layout_basic, mainiacjoe_overflow_big_doors,
          gammafunk_ghost_stat_death
D:5:      minmay_goblin_kobold_castle, layout_basic, grunt_decor_mini_mirrors,
          uniq_blork_the_orc, uniq_pikel, uniq_duvessa

Skill      XL: |  1  2  3  4  5  6  7  8  9 |
---------------+----------------------------+-----
Axes           | 3 4 5 6 7 8 |  8.1
Fighting       | 4 5 6 7 8 |  8.5
Dodging        | 1 2 3 4 |  4.7
Shields        | 4 5 6 |  6.5
Armour         | 4 5 6 |  6.4

Action                   |  1- 3 |  4- 6 |  7- 9 || total
-------------------------+-------+-------+-------++-------
Melee: War axe           |    75 |    63 |   165 ||   303
       Headbutt          |     6 |    11 |    22 ||    39
  Use: Scroll            |       |    11 |       ||    11
       Potion            |       |     1 |     2 ||     3
Armor: Scale mail        |    19 |       |       ||    19
       Chain mail        |    28 |    90 |   103 ||   221
Dodge: Dodged            |    25 |    43 |    85 ||   153
Block: Buckler           |     9 |    19 |    48 ||    76

Table legend: (Time is in decaauts)
 A = Elapsed time spent in this place.
 B = Non-inter-level travel time spent in this place.
 C = Inter-level travel time spent in this place.
 D = Time resting spent in this place.
 E = Time spent auto-exploring this place.
 F = Levels seen in this place.
 G = Mean time per level.
                   A        B        C        D        E       F      G
               +--------+--------+--------+--------+--------+-----+--------+
         Total |   4309 |   4288 |     21 |      0 |   3274 |   5 |  861.8 |
       Dungeon |   4309 |   4288 |     21 |      0 |   3274 |   5 |  861.8 |
               +--------+--------+--------+--------+--------+-----+--------+

Top non-repeatable levels by time:
     D:3: 1064 daAuts
     D:2: 938 daAuts
     D:5: 937 daAuts
     D:4: 767 daAuts
     D:1: 601 daAuts
